 Dungeon Crawl Stone Soup version 0.30.1-4-g462c640d31 (webtiles) character file.

Game seed: 14361604037033548991

49 Babbit the Conjurer (level 3, 0/26 HPs)
             Began as a Draconian Conjurer on Aug 31, 2023.
             Was an Initiate of Sif Muna.
             Killed by divine providence
             ... invoked by an orc priest
              (14 damage)
             ... on level 3 of the Dungeon on Sept 1, 2023.
             The game lasted 00:09:00 (2349 turns).

Babbit the Conjurer (Draconian Conjurer)            Turns: 2349, Time: 00:09:00

Health: 0/26       AC:  5    Str:  9    XL:     3   Next: 53%
Magic:  5/6        EV: 17    Int: 20    God:    Sif Muna [......]
Gold:   122        SH:  0    Dex:  9    Spells: 3/6 levels left

rFire   . . .        (no weapon)
rCold   . . .        (no shield)
rNeg    . . .        (body armour unavailable)
rPois   .            (helmet restricted)
rElec   .            (no cloak)
rCorr   .            (no gloves)
SInv    .            (no boots)
Will    .....        (no amulet)
Stlth   ++           b - +5 ring of evasion
HPRegen 0.24/turn    (no ring)
MPRegen 0.10/turn

%: no passive effects
@: no status effects
A: AC +5, unfitting armour, cold-blooded
a: Renounce Religion


You were on level 3 of the Dungeon.
You worshipped Sif Muna.
Sif Muna was noncommittal.
You visited 1 branch of the dungeon, and saw 3 of its levels.

You collected 122 gold pieces.

Inventory:

Jewellery
 b - a +5 ring of evasion (left hand)
Scrolls
 c - a scroll of noise {unknown}
 f - a scroll of identify {unknown}
 g - a scroll of enchant armour {unknown}
 j - a scroll of blinking {unknown}
 k - a scroll of summoning {unknown}
Potions
 d - a potion of curing {unknown}
 e - a potion of lignification {unknown}
 h - a potion of brilliance {unknown}
 i - a potion of flight {unknown}


   Skills:
 + Level 1.8 Dodging
 + Level 1.9 Stealth
 + Level 2.4 Spellcasting
 + Level 5.0 Conjurations


You had 3 spell levels left.
You knew the following spells:

 Your Spells              Type           Power      Damage    Failure   Level
a - Magic Dart            Conj           88%        1d7       1%          1
b - Searing Ray           Conj           44%        2d6       3%          2

Your spell library contained the following spells:

 Spells                   Type           Power      Damage    Failure   Level
 Necrotise                Necr           8%         1d4       16%         1
 Dazzling Flash           Conj/Hex       24%        N/A       16%         3
 Vampiric Draining        Necr           2%         2d6       41%         3
 Fulminant Prism          Conj/Hex       6%         3d7       47%         4
 Iskenderun's Mystic Bla  Conj/Tloc      12%        2d5       47%         4
 Agony                    Necr           2%         N/A       99%         5


Dungeon Overview and Level Annotations

Branches:
Dungeon (3/15)

Altars:
Cheibriados
Sif Muna


Innate Abilities, Weirdness & Mutations

Your plain brown scales are hard. (AC +5)
You cannot fit into any form of body armour.
You are cold-blooded and may be slowed by cold attacks.


Message History

Aiming: Magic Dart (safe; 1% risk of failure)
Press: ? - help, Shift-Dir - straight line, f/p - orc priest
Aim: an orc priest, wielding a +0 flail (moderately wounded, 100% to hit)
The magic dart hits the orc priest.
The orc priest is heavily wounded.
The orc shouts!
You hear a shout!
An orc comes into view. It is wielding a +0 short sword.
Okay, then.
Okay, then.
Casting: Magic Dart (safe; 1% risk of failure)
Confirm with . or Enter, or press ? or * to list all spells.
Aiming: Magic Dart (safe; 1% risk of failure)
Press: ? - help, Shift-Dir - straight line, f/p - orc priest
Aim: an orc priest, wielding a +0 flail (heavily wounded, 100% to hit)
The magic dart hits the orc priest.
The orc priest is heavily wounded.
The orc shouts!
You hear an angry hiss.
Casting: Magic Dart (safe; 1% risk of failure)
Confirm with . or Enter, or press ? or * to list all spells.
Aiming: Magic Dart (safe; 1% risk of failure)
Press: ? - help, Shift-Dir - straight line, f/p - orc priest
Aim: an orc priest, wielding a +0 flail (heavily wounded, 100% to hit)
The magic dart hits the orc priest.
The orc priest is almost dead.
The orc priest mumbles some strange prayers to Beogh against you.
Pain shoots through your body! Magic courses through your body.
An orc comes into view. It is wielding a +0 hand axe.
Casting: Magic Dart (safe; 1% risk of failure)
Confirm with . or Enter, or press ? or * to list all spells.
Aiming: Magic Dart (safe; 1% risk of failure)
Press: ? - help, Shift-Dir - straight line, f/p - orc priest
Aim: an orc priest, wielding a +0 flail (almost dead, 100% to hit)
The magic dart hits the orc.
The orc is heavily wounded.
The orc shouts!
The orc priest calls down the wrath of Beogh upon you.
Beogh smites you!
Ouch! That really hurt!
You die...

#. ##.###### #.
#.########### # #.
#............ #.#.
####.########
##.#.## ###.###
>....# #.....####
#..#####.....##.###
#..................
##@#####.)>..##.###
#o# #.....######
.o. ..............
.#o######.#########
#.#.# #.# # #.# #.#
#)# .# #o#


You could see an orc priest and 3 orcs.

Vanquished Creatures
  An adder (D:2)
  2 dart slugs
  3 bats (D:2)
  3 endoplasms
  2 giant cockroaches
  3 goblins
  4 hobgoblins
  2 jackals (D:1)
  2 quokkas
  4 ball pythons
  2 frilled lizards (D:1)
  4 kobolds
  2 rats
34 creatures vanquished.

Notes
Turn   | Place    | Note
-------+----------+-------------------------------------------
     0 | D:1      | Babbit the Draconian Conjurer began the quest for the Orb.
     0 | D:1      | Reached XP level 1. HP: 14/14 MP: 3/3
   385 | D:1      | Reached XP level 2. HP: 15/20 MP: 0/5
   877 | D:1      | You fall into a shaft and drop 1 floor!
  1018 | D:2      | Reached XP level 3. HP: 26/26 MP: 4/6
  1291 | D:1      | Found a snail-covered altar of Cheibriados.
  2122 | D:3      | Learned a level 2 spell: Searing Ray
  2178 | D:3      | Found a shimmering blue altar of Sif Muna.
  2183 | D:3      | Became a worshipper of Sif Muna the Loreminder
  2344 | D:3      | Reached skill level 5 in Conjurations
  2349 | D:3      | Killed from afar by an orc priest

Illustrated notes

Levels and vault maps discovered:
D:1:      dpeg_arrival_lava_altar, layout_loops_ring
D:2:      layout_basic
D:3:      layout_loops_ring, jmf_multi_god_temple2,
          mainiacjoe_overflow_24_doors, ebering_ecumenical_altar_ruins,
          uniq_sigmund

Skill      XL: |  1  2  3 |
---------------+----------+-----
Conjurations   | 5 |  5.0
Dodging        | |  1.8
Stealth        | |  1.9
Spellcasting   | |  2.4

Action                     || total
---------------------------++-------
  Melee: Unarmed           ||     8
         Tailslap          ||     1
   Cast: Magic Dart        ||    77
    Use: Potion            ||     1
 Armour: Skin              ||     5
  Dodge: Dodged            ||    10
